 Dungeon Crawl Stone Soup version 0.28.0-53-g5a82cb258f (webtiles) character file.

Game seed: 15259126246352627061

1414 Malstradamus the Vandal (level 8, 0/75 HPs)
             Began as a Troll Hunter on July 7, 2022.
             Was an Initiate of Okawaru.
             Slain by a two-headed ogre
             ... wielding a +0 giant club
              (11 damage)
             ... on level 6 of the Dungeon.
             The game lasted 01:00:39 (6418 turns).

Malstradamus the Vandal (Troll Hunter)              Turns: 6418, Time: 01:00:51

Health: 0/75       AC:  8    Str: 21    XL:     8   Next: 43%
Magic:  7/7        EV: 14    Int:  7    God:    Okawaru [......]
Gold:   140        SH:  0    Dex: 12    Spells: 7/7 levels left

rFire   . . .      SeeInvis .   I - +4 dagger
rCold   . . .      Faith    .   (no shield)
rNeg    . . .      Spirit   .   c - +1 robe
rPois   +          Reflect  .   (helmet restricted)
rElec   .          Harm     .   E - +2 cloak
rCorr   .          Rampage  .   (gloves unavailable)
Will    .....                   (boots unavailable)
Stlth   ++........              (no amulet)
HPRegen 1.02/turn               j - +4 ring of evasion
MPRegen 0.10/turn               g - ring of poison resistance

@: no status effects
A: large, unfitting armour, claws 3, regeneration 1, shaggy fur 1, tough skin 1
a: Renounce Religion


You were on level 6 of the Dungeon.
You worshipped Okawaru.
Okawaru was noncommittal.
You visited 2 branches of the dungeon, and saw 7 of its levels.

You collected 366 gold pieces.
You spent 226 gold pieces at shops.

Inventory:

Hand Weapons
 b - a +0 short sword
 w - a +1 whip of distortion
 B - a +3 hunting sling
 I - a +4 dagger (weapon)
 J - a +2 shortbow of freezing
 K - a +2 falchion of holy wrath
Missiles
 d - 91 arrows
 k - 6 poisoned darts (quivered)
 l - 33 bolts
 p - 77 stones
 r - 2 throwing nets
 s - 28 sling bullets
Armour
 c - a +1 robe (worn)
 E - a +2 cloak (worn)
Jewellery
 f - a ring of ice
 g - a ring of poison resistance (right claw)
 j - a +4 ring of evasion (left claw)
 A - a +6 ring of intelligence
 G - a ring of resist corrosion
Wands
 t - a wand of flame (46)
Scrolls
 i - a scroll of noise
 o - a scroll of teleportation {unknown}
 x - a scroll of brand weapon {unknown}
 y - 2 scrolls of enchant weapon
 z - 2 scrolls of identify
 C - a scroll of summoning
Potions
 e - 2 potions of magic {unknown}
 h - a potion of berserk rage {unknown}
 m - 3 potions of heal wounds {unknown}
 n - a potion of attraction {unknown}
 q - 3 potions of flight {unknown}
 u - a potion of degeneration {unknown}
 D - a potion of mutation {unknown}
 F - a potion of brilliance {unknown}
 H - a potion of haste {unknown}


   Skills:
 + Level 3.4 Fighting
 * Level 1.1 Short Blades
 - Level 4.7 Slings
 * Level 4.7 Bows
 + Level 0.7(4.0) Throwing
 + Level 2.5 Dodging
 - Level 1.0 Stealth


You had 7 spell levels left.
You didn't know any spells.
Your spell library was empty.

Dungeon Overview and Level Annotations

Branches:
Dungeon (6/15)             Temple (1/1) D:6

Altars:
Dithmenos
Gozag
Makhleb
Nemelex Xobeh
Okawaru
Qazlal
Ru
Trog
Uskayaw
Vehumet
Wu Jian
Yredelemnul
Zin
The Shining One

Shops:
D:6 (

Annotations:
D:5 2 runed translucent doors, Caestello's ghost, novice TeHu
D:6 Grinder


Innate Abilities, Weirdness & Mutations

You are too large for most types of armour.
You have claws for hands.
Your natural rate of healing is unusually fast.
You are covered in fur. (AC +1)
You have tough skin. (AC +1)


Message History

The gnoll is heavily wounded.
Grinder hits you.
You writhe in agony.
Hit: I) +4 dagger
Press: ? - help, Dir - move target, f - Grinder, p - gnoll
Aim: Grinder (lightly wounded, about 36% to evade your +4 dagger)
You barely miss Grinder.
Grinder is lightly wounded.
The gnoll closely misses you.
Grinder blinks!
The gnoll barely misses you.
Press: ? - help, v - describe, . - travel, g - get item
Here: a two-headed ogre, wielding two +0 giant clubs Item here: an arrow.
The floor, spattered with blood.
Press: ? - help, v - describe, . - travel, g - get item Item here: 2 poisoned darts.
An escape hatch in the ceiling.
There is a cloud of translocational energy here.
Hit: I) +4 dagger
Press: ? - help, Dir - move target, f - gnoll, p - Grinder
Aim: a gnoll, wielding a +0 club (heavily wounded, about 30% to evade your +4 dagger)
You closely miss the gnoll.
The gnoll is heavily wounded.
The gnoll hits you with a +0 club.
The gnoll hits you from afar with a +0 spear.
Hit: I) +4 dagger
Press: ? - help, Dir - move target, f - two-headed ogre, p - gnoll
Aim: a two-headed ogre, wielding two +0 giant clubs (translocational energy, about 21% to evade your +4 dagger)
You hit the two-headed ogre.
The two-headed ogre is lightly wounded.
The gnoll hits you but does no damage.
The two-headed ogre hits you with a +0 giant club!!
* * * LOW HITPOINT WARNING * * *
The two-headed ogre barely misses you.
Grinder blinks!
The gnoll misses you.
Okay, then.
As you read the scroll labelled BATAOL LEJODUF, it crumbles to dust.
Your body is wracked with pain!
* * * LOW HITPOINT WARNING * * *
The gnoll convulses!
The two-headed ogre convulses!
It was a scroll of torment.
The gnoll barely misses you.
The two-headed ogre hits you with a +0 giant club!
You die...

..#####.........#..#....#
...(.....##.####...#....#
..#.(...(....###..#####..
..(..(.........#..### ###
...(..(.(....#......# #
#...g.............# ###
.....###(g...###..### #..
### #Og##....#.## #.#
##.@##.##...# ##.# .
#...##.###..# #..# .#
#...##.# #>.#####.##
.######..###.# #........#
..##.....# #.# #.###รท#.##
#.##.##..###.###.###.#.###
#.##.#..###..##......#...#
#.#..#.## #.###.#.########
#...##.# #.##..#.#


You could see a two-headed ogre and 2 gnolls.

Vanquished Creatures
  An ice beast (D:5)
  A necrophage (D:4)
  An ogre (D:5)
  2 phantoms
  2 scorpions (D:5)
  A water moccasin zombie (D:5)
  A killer bee (D:5)
  A hound (D:5)
  3 centaur skeletons
  2 orc priests (D:6)
  2 jellies
  2 iguanas
  Jessica (D:2)
  A bullfrog skeleton (D:5)
  3 orc wizards
  A hound zombie (D:5)
  10 adders
  4 gnolls
  A shadow imp (D:5)
  A white imp (D:5)
  An ufetubus (D:5)
  3 worms
  A dart slug (D:2)
  12 orcs
  3 bats (D:2)
  12 endoplasms
  A giant cockroach (D:4)
  3 goblins
  5 hobgoblins
  5 kobolds
  6 quokkas
  6 ball pythons
  A frilled lizard (D:3)
  3 rats
103 creatures vanquished.

Vanquished Creatures (collateral kills)
  Sigmund (D:2)
1 creature vanquished.

Vanquished Creatures (others)
  A fungus (D:2)
  2 plants (D:2)
3 creatures vanquished.

Grand Total: 107 creatures vanquished

Notes
Turn   | Place    | Note
-------+----------+-------------------------------------------
     0 | D:1      | Malstradamus the Troll Hunter began the quest for the Orb.
     0 | D:1      | Reached XP level 1. HP: 19/19 MP: 0/0
  1315 | D:1      | Reached XP level 2. HP: 27/27 MP: 1/1
  1434 | D:1      | You fall into a shaft and drop 1 floor!
  2091 | D:2      | Noticed Jessica
  2093 | D:2      | Killed Jessica
  2094 | D:2      | Reached XP level 3. HP: 35/35 MP: 2/2
  2151 | D:2      | Noticed Sigmund
  2173 | D:2      | Killed Sigmund
  2174 | D:2      | Reached XP level 4. HP: 21/42 MP: 3/3
  2174 | D:2      | Reached XP level 5. HP: 24/49 MP: 4/4
  2635 | D:2      | Found a faded altar of an unknown god.
  4088 | D:4      | Reached XP level 6. HP: 37/57 MP: 5/5
  4176 | D:4      | Found a glowing golden altar of the Shining One.
  4286 | D:4      | Reached skill level 1 in Slings
  4662 | D:4      | Found a bloodstained altar of Trog.
  4662 | D:4      | Found a burning altar of Makhleb.
  4668 | D:4      | Found an opulent altar of Gozag.
  4899 | D:5      | Entered Level 5 of the Dungeon
  4953 | D:5      | Reached XP level 7. HP: 66/66 MP: 6/6
  5176 | D:5      | Found a large runed translucent door.
  5176 | D:5      | Found a large runed translucent door.
  5209 | D:5      | Noticed Caestello's ghost (novice TeHu)
  5323 | D:5      | Reached XP level 8. HP: 74/74 MP: 7/7
  6014 | D:6      | Found Cim Nuog's Weapon Shop.
  6091 | D:6      | Bought a +2 shortbow of freezing for 226 gold pieces
  6131 | D:6      | Reached skill level 1 in Stealth
  6166 | D:6      | Found a staircase to the Ecumenical Temple.
  6175 | Temple   | Entered the Ecumenical Temple
  6202 | Temple   | Became a worshipper of Warmaster Okawaru
  6291 | D:6      | Noticed a two-headed ogre
  6294 | D:6      | Noticed Grinder
  6302 | D:5      | Reached skill level 1 in Short Blades
  6418 | D:6      | Slain by a two-headed ogre

Illustrated notes

Levels and vault maps discovered:
D:1:      dpeg_arrival_houses_and_road, layout_loops_corners
D:2:      layout_loops_corners, shapermc_ecumenical_altar_mp_ritualfount,
          uniq_sigmund, uniq_jessica
D:3:      layout_loops_corners
D:4:      nicolae_cairo_tiling_very_big, layout_cave_pools,
          gammafunk_temple_overflow_claw, nicolae_tso_swordbearing_angel,
          nrook_mini_backslash
D:5:      minmay_diamond_boxcup, layout_cave_pools, ebering_ghost_disaster_area,
          serial_park_tiny_pond, ldierk_geyser, st_stairs_8
D:6:      layout_rooms, lemuel_temple_firewalk_b, serial_shops,
          nicolae_shop_waterfront, skrybe_limestone_x, abandoned_shop,
          uniq_grinder
Temple:   nicolae_temple_x_marks_the_god

Skill      XL: |  1  2  3  4  5  6  7  8 |
---------------+-------------------------+-----
Bows           | 3 4 |  4.7
Fighting       | 2 3 |  3.4
Slings         | 2 4 |  4.7
Dodging        | 2 |  2.5
Stealth        | 1 |  1.0
Short Blades   | 1 |  1.1
Throwing       | |  0.7

Action                   |  1- 3 |  4- 6 |  7- 9 || total
-------------------------+-------+-------+-------++-------
Melee: Short sword       |     7 |    34 |       ||    41
       Hunting sling     |       |     3 |       ||     3
       Dagger            |       |       |     9 ||     9
 Fire: Shortbow          |    68 |    20 |    23 ||   111
       Hunting sling     |       |    86 |   156 ||   242
Throw: Boomerang         |       |    28 |       ||    28
       Stone             |       |    18 |       ||    18
       Dart              |       |     6 |     4 ||    10
  Use: Scroll            |     3 |     2 |     1 ||     6
Armor: Robe              |    18 |    41 |    28 ||    87
Dodge: Dodged            |    13 |    50 |    79 ||   142
